 Dungeon Crawl Stone Soup version 0.28-a0-1616-g050a50673c (webtiles) character file.

Game seed: 6393117381193229387

305643 mcsnuffy the Tortoise (level 21, 121/121 HPs)
             Began as a Vine Stalker Brigand on Jan 22, 2022.
             Was an Initiate of Gozag.
             Quit the game on level 3 of the Vaults.
             The game lasted 02:24:13 (40736 turns).

mcsnuffy the Tortoise (Vine Stalker Brigand)       Turns: 40736, Time: 02:24:14

Health: 121/121    AC: 49    Str: 22    XL:     21   Next: 14%
Magic:  26/26      EV: 16    Int: 11    God:    Gozag
Gold:   4307       SH:  6    Dex: 22    Spells: 26/26 levels left

rFire   . . .      SeeInvis +   a - +6 quick blade of Inconvenience {flame, rPois rC+}
rCold   + + .      Faith    .   A - +0 buckler {reflect}
rNeg    . . .      Spirit   +   P - +15 Maxwell's patent armour {-Cast -Tele rElec Will+ rCorr}
rPois   +          Reflect  +   K - +1 hat {SInv}
rElec   +          Harm     .   M - +1 cloak of Gravity {rPois rC+}
rCorr   +          Rampage  ∞   v - +0 pair of fencer's gloves {Riposte Dex+3}
Will    +++..      Clarity  +   c - +3 pair of seven-league boots {Rampage+∞}
Stlth   .......... NoTele   +   (no amulet)
HPRegen 1.10/turn  NoCast   +   T - +4 ring of protection
MPRegen 0.20/turn               Y - +4 ring of slaying

@: no status effects
A: fangs 3, regeneration 1, magic shield, antimagic bite, no potion heal 2,
horns 1, iridescent scales 1, clarity, deterioration 1, MP-powered wands
}: 2/15 runes: barnacled, gossamer
a: Renounce Religion, Potion Petition, Call Merchant, Bribe Branch


You were on level 3 of the Vaults.
You worshipped Gozag.
Gozag was most pleased with you.
You visited 7 branches of the dungeon, and saw 35 of its levels.
You also visited: Gauntlet.

You collected 15088 gold pieces.
You spent 6357 gold pieces at shops.
You paid 4424 gold pieces to Gozag.


Innate Abilities, Weirdness & Mutations

You have razor-sharp teeth.
Your natural rate of healing is unusually fast.
When hurt, damage is shared between your health and your magic reserves.
Your bite disrupts and absorbs the magic of your enemies.
Potions cannot restore your health.
You have a pair of small horns on your head.
You are partially covered in iridescent scales. (AC +2)
You possess an exceptional clarity of mind.
Your body sometimes deteriorates upon taking damage.
You expend magic power (3 MP) to strengthen your wands.


   Skills:
 + Level 17.3 Fighting
 - Level 12.0 Short Blades
 - Level 3.0 Throwing
 - Level 18.0 Armour
 - Level 15.0 Dodging
 - Level 7.0 Stealth
 - Level 4.0 Shields
 - Level 3.0 Spellcasting
 - Level 9.0 Evocations


You had 26 spell levels left.
You didn't know any spells.
Your spell library contained the following spells:

 Spells                   Type           Power      Damage    Failure   Level
 Animate Skeleton         Necr           2%         N/A       95%         1
 Apportation              Tloc           2%         N/A       95%         1
 Freeze                   Ice            4%         1d3       95%         1
 Magic Dart               Conj           4%         1d3       95%         1
 Pain                     Necr           4%         1d4       95%         1
 Slow                     Hex            4%         N/A       95%         1
 Sting                    Tmut/Pois      4%         1d3       95%         1
 Summon Small Mammal      Summ           4%         N/A       95%         1
 Blink                    Tloc           2%         N/A       98%         2
 Searing Ray              Conj           2%         2d4       98%         2
 Static Discharge         Conj/Air       1%         N/A       98%         2
 Call Canine Familiar     Summ           1%         N/A       100%        3
 Confusing Touch          Hex            1%         N/A       100%        3
 Conjure Flame            Conj/Fire      1%         6-21      100%        3
 Frozen Ramparts          Ice            2%         1d2       100%        3
 Gell's Gravitas          Tloc           1%         N/A       100%        3
 Ignite Poison            Fire/Tmut/Pois 1%         N/A       100%        3
 Portal Projectile        Hex/Tloc       2%         N/A       100%        3
 Stone Arrow              Conj/Erth      2%         3d7       100%        3
 Summon Guardian Golem    Hex/Summ       1%         N/A       100%        3
 Teleport Other           Tloc           1%         N/A       100%        3
 Tukima's Dance           Hex            1%         N/A       100%        3
 Vampiric Draining        Necr           1%         2d6       100%        3
 Anguish                  Hex/Necr       0%         N/A       100%        4
 Dispel Undead            Necr           1%         3d6       100%        4
 Fulminant Prism          Conj/Hex       0%         3d6       100%        4
 Hailstorm                Conj/Ice       1%         3d3       100%        4
 Ice Form                 Ice/Tmut       1%         N/A       100%        4
 Sticky Flame             Conj/Fire      1%         2d3       100%        4
 Summon Ice Beast         Ice/Summ       1%         N/A       100%        4
 Alistair's Intoxication  Tmut/Pois      0%         N/A       100%        5
 Blade Hands              Tmut           0%         N/A       100%        5
 Excruciating Wounds      Necr           0%         N/A       100%        5
 Freezing Cloud           Conj/Ice/Air   0%         6-21      100%        5
 Irradiate                Conj/Tmut      0%         3d13      100%        5
 Manifold Assault         Tloc           1%         N/A       100%        5
 Summon Forest            Summ/Tloc      0%         N/A       100%        5
 Dispersal                Tloc           0%         N/A       100%        6
 Eringya's Noxious Bog    Tmut/Pois      0%         N/A       100%        6
 Simulacrum               Ice/Necr       0%         N/A       100%        6
 Enfeeble                 Hex            0%         N/A       100%        7
 Storm Form               Tmut/Air       0%         N/A       100%        7
 Summon Hydra             Summ           0%         N/A       100%        7

Inventory:

Hand Weapons
 a - the +6 quick blade of Inconvenience (weapon) {flame, rPois rC+}
   (You acquired it on level 12 of the Dungeon)

   It burns those it strikes, dealing additional fire damage.
   rC:        It protects you from cold.
   rPois:     It protects you from poison.
Missiles
 p - 7 throwing nets {=f}
 s - 5 atropa-tipped darts
 y - 9 curare-tipped darts (quivered) {=f}
Armour
 c - the +3 pair of seven-league boots (worn) {Rampage+∞}
   (You found it on level 4 of the Spider Nest)

   Its wearer moves as far as possible in that direction when moving towards
   enemies.
 r - a +1 plate armour of fire resistance
 v - the +0 pair of fencer's gloves (worn) {Riposte Dex+3}
   (You bought it in a shop on level 15 of the Dungeon)

   It allows the wearer to riposte with melee weapons, swiftly retaliating
   against missed attacks.
   Dex:       It affects your dexterity (+3).
 A - a +0 buckler of reflection (worn)
 K - a +1 hat of see invisible (worn)
 M - the +1 cloak of Gravity (worn) {rPois rC+}
   (You found it on level 2 of the Vaults)

   rC:        It protects you from cold.
   rPois:     It protects you from poison.
 P - the +15 Maxwell's patent armour (worn) {-Cast -Tele rElec Will+ rCorr}
   (You bought it in a shop on level 1 of the Orcish Mines)

   rElec:     It insulates you from electricity.
   -Cast:     It prevents spellcasting.
   -Tele:     It prevents most forms of teleportation.
   rCorr:     It protects you from acid and corrosion.
   Will:      It increases your willpower.
 W - a +1 pair of boots of flying
 Z - a +2 plate armour of cold resistance
Jewellery
 n - the ring of Koeruapu {rF+ Str+6}
   (You acquired it on level 6 of the Lair of Beasts)

   [ring of strength]

   Str:       It affects your strength (+6).
   rF:        It protects you from fire.
 C - a ring of protection from cold
 D - a +6 ring of dexterity
 F - a ring of protection from fire
 L - a ring of flight
 R - a ring of resist corrosion
 T - a +4 ring of protection (left hand)
 Y - a +4 ring of slaying (right hand)
Wands
 g - a wand of acid (9)
 q - a wand of iceblast (4)
 E - a wand of mindburst (10)
 I - a wand of paralysis (12)
 U - a wand of digging (10)
Scrolls
 d - 6 scrolls of identify {@r1}
 f - 21 scrolls of teleportation {@r2}
 i - a scroll of torment
 j - a scroll of silence {!r}
 k - a scroll of summoning
 m - 4 scrolls of immolation
 w - 6 scrolls of blinking
 z - 3 scrolls of enchant weapon
 H - 2 scrolls of fear
 N - 10 scrolls of enchant armour
 Q - a scroll of fog
Potions
 e - 2 potions of haste {@q3}
 h - 3 potions of berserk rage {!q}
 l - 6 potions of lignification
 o - 13 potions of curing {@q1}
 t - 3 potions of attraction
 u - 2 potions of brilliance
 B - 7 potions of invisibility
 G - 2 potions of cancellation
 J - 8 potions of ambrosia
 O - 5 potions of might
 X - 5 potions of mutation
Miscellaneous
 b - a phantom mirror
 V - a box of beasts

Dungeon Overview and Level Annotations

Branches:
Dungeon (15/15)            Temple (1/1) D:5            Lair (6/6) D:10
 Shoals (4/4) Lair:2       Spider (4/4) Lair:4        Slime (0/5) Lair:6
    Orc (2/2) D:11            Elf (0/3) Orc:2        Vaults (3/5) D:13
  Crypt (0/3) Vaults:3     Depths (0/4) D:15        Gauntlet (visited)

Altars:
Ashenzari
Cheibriados
Dithmenos
Elyvilon
Gozag
Hepliaklqana
Kikubaaqudgha
Makhleb
Nemelex Xobeh
Okawaru
Qazlal
Ru
Sif Muna
Trog
Uskayaw
Vehumet
Wu Jian
Xom
Yredelemnul
Zin
The Shining One
Beogh
Jiyva

Shops:
D:4 [?   D:6 *   D:13 =   D:14 *   D:15 [   Orc:1 [*?(=   Orc:2 *([!   Lair:1 (
Lair:4 [   Shoals:1 (   Shoals:2 :   Shoals:3 (*(   Vaults:1 !

Annotations:
D:12 exclusion: boulder beetle
Lair:1 2 transporters, hatsuma's ghost, journeyman VSBr
Shoals:2 1 runed translucent door, knot's ghost, adept DsBe

+..▓▓▓▓..▓
▓▓▓'..▓..▓
▓.▓..'..▓ ▓▓
▓▓▓..▓..▓ .▓
▓▓▓▓..▓ .▓
▓..▓ .▓ ▓..▓
.▓
▓▓▓▓▓▓▓▓▓..▓
.▓
▓...((.@+..▓
.▓
▓▓▓...▓▓▓..▓
.▓
▓.▓.(.▓.▓..▓
.▓
▓....)..▓..▓
.▓
▓.▓...▓.▓..▓
.▓
▓▓▓...▓▓▓..▓
.▓ ......
▓..▓ ▓▓
▓▓▓▓▓▓▓▓▓..▓


There were no monsters in sight!


Message History

No target in view!
No target in view!
No target in view!
No target in view!
No target in view!
No target in view!
No target in view!
No target in view!
No target in view!
You now have 4178 gold pieces (gained 56).
You now have 4238 gold pieces (gained 60).
Items here: ( )) [.
You now have 4255 gold pieces (gained 17).
Things that are here:
a +0 arbalest; 23 bolts You now have 4270 gold pieces (gained 15).
You now have 4282 gold pieces (gained 12).
Things that are here:
a +0 arbalest; 11 bolts You now have 4294 gold pieces (gained 12).
Things that are here:
a +0 arbalest; 18 bolts You now have 4307 gold pieces (gained 13).
Things that are here:
a +0 arbalest; 28 bolts Options error: Bad monster_list_colour key: strict_neutral (~/.crawlrc:48) Welcome back, mcsnuffy the Vine Stalker Brigand.
Gozag says: Greed is good.
Press ? for a list of commands and other information.
Are you sure you want to abandon this character and quit the game? (Confirm with "yes".)

Skill      XL: |  1  2  3  4  5  6  7  8  9 10 11 12 13 14 15 16 17 18 19 20 21 |
---------------+----------------------------------------------------------------+-----
Short Blades   | 2 3 4 5 6 8 10 11 12 | 12.0
Throwing       | 2 3 |  3.0
Evocations     | 1 2 3 4 6 7 9 |  9.0
Fighting       | 2 3 5 7 9 10 11 12 13 15 17 | 17.3
Dodging        | 2 4 5 6 7 8 10 12 15 | 15.0
Stealth        | 6 7 |  7.0
Shields        | 4 |  4.0
Armour         | 3 5 8 10 12 13 16 17 18 | 18.0
Spellcasting   | 3 |  3.0

Action                   |  1- 3 |  4- 6 |  7- 9 | 10-12 | 13-15 | 16-18 | 19-21 || total
-------------------------+-------+-------+-------+-------+-------+-------+-------++-------
Melee: Dagger            |    63 |   162 |   393 |   710 |   981 |       |       ||  2309
       Bite              |    13 |    44 |   149 |   287 |   618 |   965 |   894 ||  2970
       Punch             |       |       |     4 |       |       |       |       ||     4
       Quick blade       |       |       |       |       |   353 |  1993 |  1596 ||  3942
       Headbutt          |       |       |       |       |       |       |   246 ||   246
Throw: Javelin           |     4 |       |       |       |    12 |       |       ||    16
       Dart              |       |    15 |    28 |    19 |    27 |     5 |       ||    94
       Throwing net      |       |       |       |       |     1 |       |       ||     1
Invok: Call Merchant     |       |       |       |     1 |     2 |     2 |       ||     5
Evoke: Wand              |       |       |     2 |    33 |     7 |     3 |     5 ||    50
       Box of beasts     |       |       |       |       |     1 |       |       ||     1
       Phantom mirror    |       |       |       |       |       |     1 |       ||     1
  Use: Scroll            |       |       |    11 |     3 |    10 |     9 |     2 ||    35
       Potion            |       |       |       |     1 |     5 |     7 |     3 ||    16
 Stab: Sleeping          |     3 |     5 |    15 |     6 |     3 |       |       ||    32
       Distracted        |       |     1 |       |     9 |    15 |    18 |    13 ||    56
       Invisible         |       |       |       |       |     2 |     2 |       ||     4
Armor: Robe              |    11 |    32 |    82 |    58 |       |       |       ||   183
       Ring mail         |       |       |       |   116 |   271 |       |       ||   387
       Plate armour      |       |       |       |       |    59 |   724 |   410 ||  1193
Dodge: Dodged            |    35 |    50 |   183 |   374 |   533 |   660 |   343 ||  2178
Block: Buckler           |       |       |    38 |   169 |   192 |   267 |   148 ||   814
       Reflection        |       |       |       |     8 |     7 |     9 |    10 ||    34
       Rpst.: Quick blade |       |       |       |       |       |       |    42 ||    42

Levels and vault maps discovered:
D:1:      lemuel_arrival_hallway, layout_rooms
D:2:      layout_rooms, shapermc_ecumenical_altar_rom_forum, uniq_natasha,
          uniq_jessica
D:3:      layout_basic, palyth_stone_intersect, hex_intersection,
          supply_closet_lemuel, uniq_sigmund, uniq_robin
D:4:      cheibrodos_helix_gallery, layout_loops_ring,
          mainiacjoe_overflow_alcove_1, marbit_many_paths, serial_shops,
          kennysheep_little_box, nicolae_shop_statue_plus, uniq_eustachio,
          uniq_edmund
D:5:      layout_cave_pools, nicolae_ru_the_path_less_chosen,
          minmay_temple_entry_mist, eino_tiny_chamber, st_stairs_5,
          uniq_blork_the_orc
D:6:      layout_loops_corners, gammafunk_temple_overflow_pools,
          mumra_transporter_accident, kennysheep_cluttered_room,
          nicolae_shop_gadgets
D:7:      layout_basic, mainiacjoe_overflow_brackets
D:8:      layout_loops_corners, mainiacjoe_overflow_alcove_4,
          mainiacjoe_overflow_paths, lemuel_doored_altar,
          mainiacjoe_overflow_cross_hatched, hellmonk_guarded_unrand_frostbite
D:9:      layout_roguey, nicolae_overflow_crystal_walls,
          chequers_decorated_corner
D:10:     layout_roguey, mainiacjoe_overflow_surrounded_room,
          david_lair_shrubbed, roderic_serpentine_path, hangedman_decor_push
D:11:     layout_loops_cross, david_orc_4, chequers_serial_rivers_large_a,
          doesnt_xom_only_xom, uniq_gastronok, uniq_grum
D:12:     layout_stronghold
D:13:     layout_long_grid, david_vaults_1, gauntlet_entry_generic, uniq_rupert
D:14:     layout_roguey, old_standard_altar, nicolae_good_shop, uniq_frances,
          uniq_snorg, uniq_louise
D:15:     grunt_enter_depths_snipers, layout_basic, serial_shops, shop,
          uniq_nessos
Temple:   chequers_temple_sunken
Lair:1:   layout_small_grid, gammafunk_ghost_arena,
          grunt_forest_large_clearings, grunt_megastairs_3, uniq_prince_ribbit2
Lair:2:   layout_gridlike, minmay_shoals_entry_centaurs, uniq_fannar,
          uniq_maggie
Lair:3:   layout_regular_city, basic_altar, grunt_megastairs_4,
          lemuel_fruit_tree, lemuel_fruit_fields, serial_bayou_shore_b
Lair:4:   layout_small_grid, nicolae_spider_entry_non_spiders,
          grunt_megastairs_2, uniq_sonja
Lair:5:   layout_long_grid
Lair:6:   gammafunk_lair_ancient_temple, layout_cave_shapes, slime_altar_1
Shoals:1: layout_shoals, serial_shops, nicolae_shop_crystal, uniq_aizul
Shoals:2: layout_shoals, ebering_ghost_inner_flame, serial_shops, shop,
          overgrown_hall
Shoals:3: layout_shoals, serial_shops, shop
Shoals:4: shoals_end_hangedman, layout_shoals, uniq_polyphemus
Spider:1: layout_chambers, uniq_nikola
Spider:2: nicolae_spider_hilbert_zone_6 [nicolae_spider_hilbert_4_sides_1_open,
          nicolae_spider_hilbert_4_sides_1_open,
          nicolae_spider_hilbert_4_sides_1_open,
          nicolae_spider_hilbert_4_sides_1_open,
          nicolae_spider_hilbert_4_sides_1_open,
          nicolae_spider_hilbert_4_sides_1_open,
          nicolae_spider_hilbert_4_sides_1_open]
Spider:3: layout_spider_delve, special_room [special_room_bee],
          hangedman_spider_tarantella_strand, nicolae_spider_cling_halls
Spider:4: floodkiller_spider_rune_tomb, nicolae_spider_moth_buddies
Orc:1:    layout_caves, serial_shops, shop, nicolae_shop_bloodbath_and_beyond,
          nicolae_shop_temple_entry_statues_fountains, shop, shop,
          david_defended_altar_orc, uniq_urug, uniq_harold
Orc:2:    st_orc_elflike, layout_diamond_mine, statue_in_the_mist_lemuel
Vaults:1: portal_desolation_entry_twin_temple, ontoclasm_vaults_twist,
          vaults_room_hallway, ontoclasm_vaults_fault,
          nicolae_vaults_yaktaur_gun_rack, v_misc_1, vaults_room_door_ring,
          nicolae_vaults_windows_and_doors_thing,
          nicolae_vaults_mini_display_case, nicolae_vaults_specimen_jars,
          nicolae_vaults_rhombus_7, layout_vaults_ring, serial_shops,
          nicolae_shop_behind_doors, uniq_saint_roka
Vaults:2: nicolae_vaults_twisting_passages, hangedman_vaults_slice,
          nicolae_vaults_diagonal_hallway_7, v_misc_10,
          hangedman_vaults_restitches, v_pattern_1, hangedman_vaults_nodes,
          ontoclasm_vaults_decontamination, layout_vaults_omnibox
Vaults:3: hangedman_vaults_slice, v_misc_17, vaults_mumra_chevron, v_misc_25,
          minmay_crypt_entry_necro_gods, hangedman_vaults_hat, v_misc_25,
          nicolae_vaults_ninety_degrees, grunt_vaults_swirl,
          ontoclasm_vaults_chip, nicolae_vaults_little_squares_3,
          layout_vaults_omnigrid

Notes
Turn   | Place    | Note
-------+----------+-------------------------------------------
     0 | D:1      | mcsnuffy the Vine Stalker Brigand began the quest for the
                  | Orb.
     0 | D:1      | Reached XP level 1. HP: 11/11 MP: 2/2
    55 | D:1      | Reached skill level 2 in Short Blades
   441 | D:1      | Reached XP level 2. HP: 15/15 MP: 3/3
   764 | D:1      | Reached skill level 3 in Short Blades
   997 | D:1      | Reached XP level 3. HP: 5/18 MP: 1/4
  1032 | D:2      | Noticed Jessica
  1207 | D:2      | Killed Jessica
  1208 | D:2      | Reached skill level 2 in Throwing
  1212 | D:2      | Gained mutation: Your natural rate of healing is unusually
                  | fast. [Vine Stalker growth]
  1212 | D:2      | Reached XP level 4. HP: 23/23 MP: 5/5
  1387 | D:2      | Found a faded altar of an unknown god.
  1390 | D:2      | Got Plato's Catalogue of Execration
  1535 | D:2      | Noticed Natasha
  1543 | D:2      | Killed Natasha
  1724 | D:2      | Noticed Natasha
  1732 | D:2      | Killed Natasha
  1733 | D:2      | Reached skill level 1 in Evocations
  1733 | D:2      | Reached XP level 5. HP: 25/26 MP: 6/6
  1754 | D:2      | Found a faded altar of an unknown god.
  1988 | D:2      | Noticed Natasha
  1992 | D:2      | Killed Natasha
  2153 | D:3      | Reached skill level 3 in Throwing
  2230 | D:3      | Noticed Robin
  2336 | D:3      | Noticed Sigmund
  2388 | D:3      | Killed Sigmund
  2389 | D:3      | Reached skill level 2 in Fighting
  2389 | D:3      | Reached skill level 4 in Short Blades
  2389 | D:3      | Reached skill level 2 in Evocations
  2389 | D:3      | Reached XP level 6. HP: 31/32 MP: 7/7
  2942 | D:3      | Killed Robin
  3017 | D:3      | Reached skill level 3 in Fighting
  3052 | D:4      | Noticed Edmund
  3153 | D:4      | Killed Edmund
  3154 | D:4      | Reached skill level 5 in Short Blades
  3154 | D:4      | Reached XP level 7. HP: 13/36 MP: 6/8
  3283 | D:4      | Found Urhiqa Dakod's Magic Scroll Shop.
  3288 | D:4      | Bought a scroll of identify for 22 gold pieces
  3291 | D:4      | Bought a scroll of identify for 22 gold pieces
  3291 | D:4      | Bought a scroll of identify for 22 gold pieces
  3291 | D:4      | Bought a scroll of identify for 22 gold pieces
  3436 | D:4      | Reached skill level 6 in Short Blades
  3436 | D:4      | Reached skill level 1 in Dodging
  3465 | D:4      | Found a snail-covered altar of Cheibriados.
  3481 | D:4      | Found Guacid's Antique Armour Emporium.
  3530 | D:4      | Noticed Eustachio
  3566 | D:4      | Killed Eustachio
  3567 | D:4      | Reached skill level 2 in Dodging
  3894 | D:4      | Found a basalt altar of Yredelemnul.
  3928 | D:5      | Entered Level 5 of the Dungeon
  3950 | D:5      | Gained mutation: You have razor-sharp teeth. [Vine Stalker
                  | growth]
  3950 | D:5      | Reached XP level 8. HP: 37/40 MP: 9/9
  3970 | D:4      | Reached skill level 3 in Dodging
  4152 | D:5      | Reached skill level 4 in Fighting
  4249 | D:5      | Noticed Blork the orc
  4261 | D:5      | Killed Blork the orc
  4317 | D:5      | Found a staircase to the Ecumenical Temple.
  4340 | Temple   | Entered the Ecumenical Temple
  4374 | Temple   | Became a worshipper of Gozag Ym Sagoz the Greedy
  4561 | D:5      | Found a sacrificial altar of Ru.
  4659 | D:6      | Reached skill level 4 in Dodging
  4880 | D:6      | Reached skill level 3 in Evocations
  5226 | D:6      | Reached skill level 5 in Fighting
  5403 | D:6      | Reached XP level 9. HP: 47/47 MP: 10/10
  5411 | D:6      | Found Etaptija's Gadget Gallery.
  5490 | D:4      | Bought a glowing buckler for 195 gold pieces
  6217 | D:6      | Found a stormy altar of Qazlal.
  6217 | D:6      | Found a burning altar of Makhleb.
  6279 | D:7      | Found an ornate altar of the Wu Jian Council.
  6500 | D:7      | Reached skill level 4 in Evocations
  6602 | D:7      | Reached skill level 5 in Stealth
  6724 | D:7      | Reached skill level 5 in Dodging
  6747 | D:8      | Found a radiant altar of Vehumet.
  7046 | D:8      | Found a glowing golden altar of the Shining One.
  7135 | D:8      | Reached skill level 6 in Stealth
  7135 | D:8      | Reached skill level 1 in Shields
  7217 | D:8      | Found an ancient bone altar of Kikubaaqudgha.
  7247 | D:8      | Reached skill level 6 in Fighting
  7414 | D:8      | Noticed an ice devil
  7483 | D:7      | Reached skill level 2 in Shields
  7520 | D:7      | Reached skill level 3 in Shields
  7577 | D:8      | Noticed a freezing wraith
  7781 | D:9      | Reached skill level 7 in Fighting
  7794 | D:9      | Reached skill level 4 in Shields
  7794 | D:9      | Reached XP level 10. HP: 25/55 MP: 7/11
  7835 | D:9      | Found a shadowy altar of Dithmenos.
  8487 | D:10     | Entered Level 10 of the Dungeon
  8500 | D:9      | Reached skill level 8 in Fighting
  8766 | D:10     | Reached skill level 9 in Fighting
  8804 | D:10     | Reached skill level 1 in Armour
  8902 | D:10     | Found a staircase to the Lair.
  9070 | D:10     | Found an iron altar of Okawaru.
  9079 | D:10     | Noticed a centaur warrior
  9089 | D:10     | HP: 4/58 [centaur warrior (6)]
  9090 | D:10     | Killed a centaur warrior
  9091 | D:10     | Reached skill level 2 in Armour
  9555 | D:11     | Reached skill level 7 in Short Blades
  9555 | D:11     | Reached skill level 3 in Armour
  9573 | D:11     | Noticed a gargoyle
  9583 | D:11     | Killed a gargoyle
  9631 | D:11     | Found a shimmering altar of Xom.
  9633 | D:11     | Found a sacrificial altar of Ru.
  9633 | D:11     | Found a bloodstained altar of Trog.
  9635 | D:11     | Found a hide-covered altar of Uskayaw.
  9635 | D:11     | Found a sparkling altar of Nemelex Xobeh.
  9635 | D:11     | Found a shimmering altar of Xom.
  9665 | D:11     | Identified the +1 robe of Generosity {rF++ rN+ Dex-2}
  9914 | D:11     | Noticed Gastronok
  9982 | D:11     | Killed Gastronok
  9982 | D:11     | Noticed a gargoyle
  9983 | D:11     | Reached skill level 8 in Short Blades
  9983 | D:11     | Reached skill level 6 in Dodging
  9983 | D:11     | Reached XP level 11. HP: 62/62 MP: 12/12
 10334 | D:11     | Noticed Grum
 10385 | D:11     | Killed Grum
 10388 | D:11     | Reached skill level 7 in Dodging
 10590 | D:11     | Reached skill level 5 in Evocations
 10636 | D:11     | Found a staircase to the Orcish Mines.
 10856 | D:12     | Noticed a boulder beetle
 11047 | D:12     | Noticed a two-headed ogre
 11073 | D:12     | Killed a two-headed ogre
 11074 | D:12     | Reached skill level 6 in Evocations
 11331 | D:12     | Reached skill level 4 in Armour
 11419 | D:12     | Noticed a red ugly thing
 11651 | Lair:1   | Entered Level 1 of the Lair of Beasts
 11651 | Lair:1   | Noticed a five-headed hydra
 11660 | D:10     | Reached skill level 5 in Armour
 11673 | D:10     | Killed a five-headed hydra
 11682 | D:10     | Reached XP level 12. HP: 42/66 MP: 13/13
 11767 | Lair:1   | Reached skill level 8 in Dodging
 11854 | Lair:1   | Found a transporter.
 11854 | Lair:1   | Noticed hatsuma's ghost (journeyman VSBr)
 12069 | Lair:1   | Noticed an eight-headed hydra
 12072 | Lair:1   | Noticed a four-headed hydra
 12256 | Lair:1   | Reached skill level 10 in Fighting
 12404 | Lair:1   | Noticed Prince Ribbit
 12499 | Lair:1   | Reached skill level 9 in Short Blades
 12525 | Lair:1   | Killed Prince Ribbit
 12646 | Lair:1   | Noticed a six-headed hydra
 12655 | Lair:1   | Killed a six-headed hydra
 12656 | Lair:1   | Reached skill level 10 in Short Blades
 12831 | Lair:1   | Found a transporter.
 13056 | Lair:2   | Noticed a six-headed hydra
 13067 | Lair:2   | Killed a six-headed hydra
 13068 | Lair:2   | Reached skill level 7 in Evocations
 13130 | Lair:2   | Noticed a seven-headed hydra
 13135 | Lair:2   | Killed a seven-headed hydra
 13391 | Lair:2   | Noticed Fannar
 13402 | Lair:2   | Killed Fannar
 13403 | Lair:2   | Reached XP level 13. HP: 72/72 MP: 14/14
 13426 | Lair:2   | Found a staircase to the Shoals.
 13437 | Lair:2   | Reached skill level 9 in Dodging
 13832 | Lair:2   | Noticed Maggie
 13851 | Lair:2   | Killed Maggie
 14207 | Lair:3   | Identified the -5 cloak of Qoilemo {Harm Slay+2}
 14251 | Lair:3   | Found a sparkling altar of Nemelex Xobeh.
 14926 | Lair:3   | Reached skill level 10 in Dodging
 15355 | Lair:4   | Reached skill level 11 in Fighting
 15430 | Lair:4   | Bought a runed plate armour for 598 gold pieces
 15731 | Lair:4   | Reached skill level 6 in Armour
 15810 | Lair:4   | Found a hole to the Spider Nest.
 15850 | Lair:4   | Identified the +6 dire flail of Certain Death {flame,
                  | Dex+5}
 16012 | Lair:4   | Noticed Sonja
 16039 | Lair:4   | Killed Sonja
 16611 | Lair:4   | Reached skill level 7 in Armour
 17014 | D:4      | Bought a pair of embroidered boots for 195 gold pieces
 17908 | Lair:6   | Entered Level 6 of the Lair of Beasts
 18071 | Lair:6   | Reached skill level 8 in Armour
 18137 | Lair:6   | Reached XP level 14. HP: 49/79 MP: 15/15
 18385 | Lair:6   | Reached skill level 12 in Fighting
 18792 | Lair:6   | Reached skill level 11 in Dodging
 19116 | Lair:6   | Found a staircase to the Slime Pits.
 19116 | Lair:6   | Found a viscous altar of Jiyva.
 19492 | Lair:6   | Identified a scroll of acquirement
 19492 | Lair:6   | Acquired the ring of Koeruapu {rF+ Str+6}
 19674 | Lair:5   | Reached skill level 12 in Dodging
 20057 | D:12     | Acquired the +6 quick blade of Inconvenience {flame, rPois
                  | rC+}
 20624 | D:13     | Reached skill level 7 in Stealth
 20647 | D:13     | Found a gate to the Vaults.
 20676 | D:13     | Found a gate leading to a gauntlet.
 20685 | Gauntlet | Entered a Gauntlet
 20685 | Gauntlet | Found a transporter.
 20695 | Gauntlet | Found a transporter.
 20699 | Gauntlet | Found a transporter.
 20707 | Gauntlet | Found a transporter.
 20711 | Gauntlet | Found a transporter.
 20722 | Gauntlet | Found a transporter.
 20723 | Gauntlet | Found a transporter.
 20731 | Gauntlet | Found a transporter.
 20735 | Gauntlet | Found a transporter.
 20743 | Gauntlet | Found a transporter.
 20774 | Gauntlet | Found a transporter.
 20786 | Gauntlet | Found a transporter.
 20798 | Gauntlet | Found a transporter.
 20810 | Gauntlet | Found a transporter.
 20954 | Gauntlet | Paralysed by a floating eye for 3 turns
 21018 | Gauntlet | Identified the +2 pair of gloves of Valiance {Str+3}
 21063 | Gauntlet | Reached skill level 11 in Short Blades
 21077 | Gauntlet | Reached XP level 15. HP: 31/84 MP: 16/16
 21361 | D:13     | Noticed Rupert
 21382 | D:13     | Killed Rupert
 21394 | D:13     | Reached skill level 12 in Short Blades
 22071 | D:14     | Noticed an angel
 22072 | D:14     | Found Tanke's Hallowed Reliquary.
 22144 | D:14     | Noticed Snorg
 22167 | D:14     | Killed Snorg
 22217 | D:14     | Reached skill level 9 in Armour
 22386 | D:14     | Found a hide-covered altar of Uskayaw.
 22471 | D:14     | Noticed Louise
 22490 | D:14     | Killed Louise
 22504 | D:14     | Identified a potion of experience
 22504 | D:14     | Reached skill level 10 in Armour
 22504 | D:14     | Reached XP level 16. HP: 82/88 MP: 17/17
 22669 | D:14     | You are sucked into a shaft and drop 1 floor!
 22669 | D:15     | Entered Level 15 of the Dungeon
 22809 | D:15     | Noticed Nessos
 22826 | D:15     | Killed Nessos
 23031 | D:14     | Identified the +4 flail of an ossuary {pain, Will+}
 23054 | D:14     | Noticed Frances
 23069 | D:14     | Killed Frances
 23375 | Shoals:1 | Entered Level 1 of the Shoals
 23396 | Shoals:1 | Noticed Aizul
 23410 | Shoals:1 | Killed Aizul
 23411 | Shoals:1 | Reached skill level 11 in Armour
 23526 | Spider:1 | Entered Level 1 of the Spider Nest
 23553 | Spider:1 | Noticed Nikola
 23696 | Spider:1 | Killed Nikola
 24080 | Spider:1 | Reached skill level 12 in Armour
 25329 | Spider:2 | Reached skill level 13 in Fighting
 25437 | Spider:2 | Reached XP level 17. HP: 95/95 MP: 18/18
 25580 | Spider:2 | Identified a scarf of resistance
 26330 | Spider:3 | Reached skill level 14 in Fighting
 27090 | Spider:3 | Reached skill level 8 in Evocations
 27249 | Spider:4 | Entered Level 4 of the Spider Nest
 27709 | Spider:4 | Reached skill level 9 in Evocations
 27745 | Spider:4 | Reached skill level 15 in Fighting
 27759 | Spider:4 | Reached skill level 1 in Spellcasting
 27990 | Spider:4 | Reached skill level 2 in Spellcasting
 28010 | Spider:4 | Reached skill level 3 in Spellcasting
 28354 | Spider:4 | HP: 9/99 [emperor scorpion (11)]
 28714 | Spider:4 | Reached XP level 18. HP: 88/104 MP: 23/23
 28746 | Spider:4 | Reached skill level 13 in Dodging
 28910 | Spider:4 | Found the +3 pair of seven-league boots {Rampage+∞}
 28923 | Spider:4 | Identified the +0 hat "Fouki" {Harm rElec}
 28926 | Spider:4 | Got a gossamer rune of Zot
 29646 | Shoals:1 | Found Dykhekih's Antique Weapon Shoppe.
 30278 | Shoals:2 | Reached skill level 14 in Dodging
 30569 | Shoals:2 | Found Esos's Book Emporium.
 30996 | Shoals:2 | Found a runed translucent door.
 30996 | Shoals:2 | Noticed knot's ghost (adept DsBe)
 31763 | Shoals:3 | Bought the +5 ring mail "Yfyroapn" {Rampage Fly rElec rC+}
                  | for 729 gold pieces
 32030 | Shoals:3 | Found Foelot's Antique Weapon Shoppe.
 32482 | Shoals:4 | Entered Level 4 of the Shoals
 32670 | Shoals:4 | Reached skill level 15 in Dodging
 32696 | Shoals:4 | Reached skill level 13 in Armour
 33137 | Shoals:4 | Noticed Polyphemus
 33179 | Shoals:4 | Killed Polyphemus
 33187 | Shoals:4 | Reached XP level 19. HP: 50/108 MP: 24/24
 33505 | Shoals:4 | Got the Tome of Nocuous Arcane Weapons
 33663 | Shoals:4 | Reached skill level 14 in Armour
 33838 | Shoals:4 | Identified the +7 rapier "Yseruos" {pain, Str+3}
 33944 | Shoals:4 | Got a barnacled rune of Zot
 34202 | Orc:1    | Entered Level 1 of the Orcish Mines
 34202 | Orc:1    | Noticed Harold
 34203 | Orc:1    | Noticed Urug
 34218 | Orc:1    | Killed Harold
 34256 | Orc:1    | Killed Urug
 34477 | Orc:1    | Found Kait's Assorted Antiques.
 34597 | Orc:1    | Found Qem Oniss's Antique Armour Shop.
 34689 | Orc:1    | Bought the +15 Maxwell's patent armour {-Cast -Tele rElec
                  | Will+ rCorr} for 2899 gold pieces
 34689 | Orc:1    | Found the +15 Maxwell's patent armour {-Cast -Tele rElec
                  | Will+ rCorr}
 34797 | Orc:2    | Entered Level 2 of the Orcish Mines
 35209 | Orc:2    | Found a staircase to the Elven Halls.
 35332 | Orc:2    | Found Vudel's Distillery.
 35429 | Orc:2    | Reached skill level 15 in Armour
 35483 | Orc:2    | Found Junaiboi's General Store.
 35503 | Orc:2    | Found Ludox's Weapon Shop.
 35512 | Orc:2    | Found Pesunnac's Antique Armour Emporium.
 35518 | Orc:2    | Bought a scroll of enchant armour for 112 gold pieces
 35654 | Orc:1    | Found Ataij's Jewellery Shoppe.
 35712 | Orc:1    | Found Qeezayza's Weapon Emporium.
 35736 | Orc:1    | Found Kihoot's Magic Scroll Emporium.
 35797 | Orc:1    | Bought a scroll of teleportation for 39 gold pieces
 35797 | Orc:1    | Bought a scroll of immolation for 45 gold pieces
 35797 | Orc:1    | Bought a scroll of enchant weapon for 97 gold pieces
 36213 | D:15     | Found a staircase to the Depths.
 36714 | D:15     | Found Xetes's Antique Armour Boutique.
 36728 | D:15     | Bought the +0 pair of fencer's gloves {Riposte Dex+3} for
                  | 1360 gold pieces
 36728 | D:15     | Found the +0 pair of fencer's gloves {Riposte Dex+3}
 37099 | Vaults:1 | Entered Level 1 of the Vaults
 37288 | Vaults:1 | Reached skill level 16 in Armour
 37638 | Vaults:1 | Found Fexkon's Distillery.
 37743 | Vaults:1 | Reached XP level 20. HP: 96/113 MP: 25/25
 37814 | Vaults:1 | Noticed Saint Roka
 37835 | Vaults:1 | Killed Saint Roka
 37854 | Vaults:1 | Found a crumbling gateway.
 38041 | Vaults:1 | Identified the +1 ring mail of Slovenliness {Fly Regen+
                  | Str-2 Int-4}
 38649 | Vaults:2 | Identified the +1 cloak of Gravity {rPois rC+}
 38709 | Vaults:2 | Reached skill level 17 in Armour
 38730 | Vaults:2 | Gained mutation: You have a pair of small horns on your
                  | head. [potion of mutation]
 38730 | Vaults:2 | Gained mutation: Your body sometimes deteriorates upon
                  | taking damage. [potion of mutation]
 38730 | Vaults:2 | Gained mutation: You sometimes lose the ability to read
                  | scrolls when taking damage. [potion of mutation]
 38730 | Vaults:2 | Gained mutation: You expend magic power (3 MP) to
                  | strengthen your wands. [potion of mutation]
 38731 | Vaults:2 | Lost mutation: You sometimes lose the ability to read
                  | scrolls when taking damage. [potion of mutation]
 38731 | Vaults:2 | Lost mutation: You expend magic power (3 MP) to strengthen
                  | your wands. [potion of mutation]
 38731 | Vaults:2 | Gained mutation: You possess an exceptional clarity of
                  | mind. [potion of mutation]
 38731 | Vaults:2 | Gained mutation: You are partially covered in iridescent
                  | scales. (AC +2) [potion of mutation]
 38731 | Vaults:2 | Gained mutation: You expend magic power (3 MP) to
                  | strengthen your wands. [potion of mutation]
 38887 | Vaults:2 | Reached skill level 16 in Fighting
 39939 | Vaults:3 | Found a staircase to the Crypt.
 39939 | Vaults:3 | Found an ancient bone altar of Kikubaaqudgha.
 39939 | Vaults:3 | Found a basalt altar of Yredelemnul.
 40435 | Vaults:3 | Reached skill level 17 in Fighting
 40435 | Vaults:3 | Reached XP level 21. HP: 121/121 MP: 26/26
 40627 | Vaults:3 | Reached skill level 18 in Armour
 40736 | Vaults:3 | Upgraded the game from 0.28-a0-1613-gdaab1c2f9b to
                  | 0.28-a0-1616-g050a50673c
 40736 | Vaults:3 | Quit the game

Vanquished Creatures
  Saint Roka (Vaults:1)
  Nikola (Spider:1)
  Rupert (D:13)
  Gastronok (D:11)
  A sphinx (Vaults:3)
  2 krakens
  Polyphemus (Shoals:4)
  Frances (D:14)
  7 emperor scorpions
  A vault warden (Vaults:3)
  Louise (D:14)
  An orc warlord (Orc:1)
  3 ghost moths
  Aizul (Shoals:1)
  A stone giant (D:15)
  Nessos (D:15)
  10 very ugly things
  6 ironbound thunderhulks
  8 ironbound preservers
  A deep elf annihilator (Vaults:2)
  5 entropy weavers
  7 dire elephants
  A minotaur (Gauntlet)
  Snorg (D:14)
  2 crystal guardians (Vaults:3)
  3 ettins
  6 merfolk javelineers
  9 merfolk impalers
  7 yaktaur captains
  A great orb of eyes (Vaults:2)
  9 hydras
  Fannar (Lair:2)
  Harold (Orc:1)
  An anaconda (Lair:6)
  A ghost crab (Gauntlet)
  2 merfolk aquamancers (Shoals:4)
  5 jorogumos
  3 peacekeepers
  6 boulder beetles
  2 radroaches (Spider:4)
  3 catoblepae
  An ogre mage (Orc:1)
  14 centaur warriors
  A death knight (D:14)
  6 ironbound frosthearts
  6 two-headed ogres
  6 death scarabs (Spider:4)
  5 merfolk avatars
  A satyr (Shoals:3)
  9 death yaks
  2 tengu warriors (D:15)
  Urug (Orc:1)
  3 orc high priests (Orc:2)
  Sonja (Lair:4)
  2 pharaoh ants (Spider:1)
  A sun moth (Spider:3)
  3 skeletal warriors (D:13)
  30 deep trolls
  5 orb spiders
  6 steelbarb worms
  12 sea snakes
  13 ironbound convokers
  A phantasmal warrior (Vaults:1)
  7 orc knights
  3 lindwurms (Vaults:1)
  2 necromancers
  8 wizards
  2 spectral wolf spiders (Spider:4)
  7 fauns
  2 spectral jorogumos (Spider:4)
  2 deep elf pyromancers
  18 harpies
  A shining eye (Gauntlet)
  19 wolf spiders
  8 orc sorcerers
  39 ugly things
  17 slime creatures
  5 cyclopes
  16 manticores
  3 black mambas
  4 moths of wrath
  5 vault sentinels (Vaults:2)
  7 water nymphs
  8 merfolk sirens
  6 elephants (Lair:6)
  7 torpor snails
  7 demonic crawlers
  A cane toad (shapeshifter) (Vaults:1)
  3 gargoyles
  3 spectral redbacks (Spider:4)
  Maggie (Lair:2)
  5 rime drakes
  13 cane toads
  25 yaktaurs
  An efreet (Gauntlet)
  12 komodo dragons
  10 meliai
  A human zombie (Vaults:1)
  7 trolls
  3 human skeletons (Vaults:1)
  5 hornets
  4 polar bears (Lair:6)
  Prince Ribbit (Lair:1)
  23 merfolk
  A queen bee (Spider:3)
  6 wind drakes
  27 tarantellas
  4 spectral tarantellas (Spider:4)
  5 dream sheep
  2 jumping spider zombies (Spider:4)
  3 spectral jumping spiders (Spider:4)
  10 snapping turtles
  A tarantella zombie (Spider:4)
  18 blink frogs
  32 jumping spiders
  A centaur simulacrum (D:13)
  3 water elementals
  29 culicivoras
  Eustachio (D:4)
  A shadow (D:11)
  Sigmund (D:3)
  A vampire (D:11)
  5 wraiths
  2 fire elementals (Gauntlet)
  5 wyverns
  2 basilisks
  54 yaks
  Grum (D:11)
  2 steam dragons
  40 redbacks
  8 vampire mosquitoes
  4 wargs
  Edmund (D:4)
  2 acid dragons
  A hell hound (Gauntlet)
  A floating eye (Gauntlet)
  17 water moccasins
  An ice beast (D:8)
  37 orc warriors
  A hornet zombie (D:6)
  2 black bears (D:6)
  42 wolves
  12 ogres
  10 centaurs
  A phantom (D:4)
  Blork the orc (D:5)
  2 kobold brigands (D:10)
  5 bullfrogs
  4 scorpions
  30 killer bees
  3 howler monkeys
  A human simulacrum (Vaults:1)
  3 centaur zombies
  A jelly (D:4)
  22 orc priests
  2 hounds
  A centaur skeleton (D:4)
  A gnoll shaman (D:6)
  2 bullfrog skeletons
  Jessica (D:2)
  Natasha (thrice) (D:2)
  2 iguanas
  26 orc wizards
  A scorpion zombie (D:5)
  7 hell rats (Lair:4)
  A hound zombie (D:5)
  A hound skeleton (D:5)
  Robin (D:3)
  8 gnolls
  6 adders
  A shadow imp (D:7)
  2 white imps (D:7)
  2 worms (Lair:4)
  A dart slug (D:4)
  69 orcs
  9 ball pythons
  2 endoplasms
  8 giant cockroaches
  17 goblins
  5 hobgoblins
  3 jackals
  4 quokkas
  6 bats
  4 frilled lizards
  10 kobolds
  10 rats
  8 tentacles
1269 creatures vanquished.

Vanquished Creatures (collateral kills)
  A black mamba (Lair:6)
  A cane toad (Lair:6)
  A blink frog (Lair:6)
  4 dream sheep (Lair:6)
7 creatures vanquished.

Vanquished Creatures (others)
  A tengu warrior (D:15)
  A tarantella (Spider:1)
  2 culicivoras (Spider:1)
  50 fungi
  128 plants
  7 tentacles
189 creatures vanquished.

Grand Total: 1465 creatures vanquished

Table legend: (Time is in decaauts)
 A = Elapsed time spent in this place.
 B = Non-inter-level travel time spent in this place.
 C = Inter-level travel time spent in this place.
 D = Time resting spent in this place.
 E = Time spent auto-exploring this place.
 F = Levels seen in this place.
 G = Mean time per level.
                   A        B        C        D        E       F      G
               +--------+--------+--------+--------+--------+-----+--------+
         Total |  37427 |  34029 |   3398 |   1235 |  23800 |  36 | 1039.6 |
       Dungeon |  15930 |  13958 |   1972 |    486 |  10048 |  15 | 1062.0 |
        Temple |     57 |     42 |     15 |      0 |     25 |   1 |   57.0 |
          Lair |   7420 |   6709 |    711 |    261 |   4534 |   6 | 1236.7 |
        Shoals |   4266 |   4119 |    147 |    353 |   2765 |   4 | 1066.5 |
   Spider Nest |   4831 |   4463 |    368 |    135 |   3086 |   4 | 1207.8 |
  Orcish Mines |   1494 |   1406 |     88 |      0 |   1014 |   2 |  747.0 |
        Vaults |   2925 |   2832 |     93 |      0 |   2108 |   3 |  975.0 |
      Gauntlet |    501 |    501 |      0 |      0 |    218 |   1 |  501.0 |
               +--------+--------+--------+--------+--------+-----+--------+

Top non-repeatable levels by time:
  Lair:4: 1619 daAuts
  Lair:6: 1539 daAuts
    D:12: 1533 daAuts
Spider:1: 1518 daAuts
    D:10: 1483 daAuts
Spider:4: 1469 daAuts
    D:11: 1467 daAuts
     D:3: 1465 daAuts
  Lair:1: 1284 daAuts
Shoals:4: 1280 daAuts
  Lair:2: 1197 daAuts
Shoals:2: 1174 daAuts
    D:15: 1153 daAuts
Vaults:1: 1126 daAuts
     D:2: 1086 daAuts

Table legend:
 A = Non-vault XP
 B = Vault XP
 C = Vault XP percentage of total XP
 D = Non-vault monster count
 E = Vault monster count
 F = Vault count percentage of total count
                 A         B        C        D         E       F
            +---------+---------+-------+---------+---------+-------
      Total |  275340 |  184368 |  40.1 |     855 |     414 |  32.6
            +---------+---------+-------+---------+---------+-------
        D:1 |      34 |       0 |   0.0 |      22 |       0 |   0.0
        D:2 |     111 |      74 |  40.0 |      23 |       2 |   8.0
        D:3 |     148 |     242 |  62.1 |      22 |      12 |  35.3
        D:4 |     310 |     459 |  59.7 |       6 |       5 |  45.5
        D:5 |     213 |     241 |  53.1 |      10 |       5 |  33.3
        D:6 |     622 |       0 |   0.0 |      16 |       0 |   0.0
        D:7 |    1083 |      21 |   1.9 |       8 |       2 |  20.0
        D:8 |     860 |       0 |   0.0 |      17 |       0 |   0.0
        D:9 |    1506 |       0 |   0.0 |      10 |       0 |   0.0
       D:10 |    5239 |     338 |   6.1 |      27 |       1 |   3.6
       D:11 |    2996 |    2776 |  48.1 |      20 |      21 |  51.2
       D:12 |    4306 |       0 |   0.0 |      19 |       0 |   0.0
       D:13 |    7136 |    3251 |  31.3 |      21 |       3 |  12.5
       D:14 |    6497 |    3601 |  35.7 |      12 |       3 |  20.0
       D:15 |    7787 |    3769 |  32.6 |      15 |       4 |  21.1
     Lair:1 |    4292 |    4542 |  51.4 |      17 |      33 |  66.0
     Lair:2 |    4363 |    1580 |  26.6 |      11 |       5 |  31.2
     Lair:3 |    4440 |       0 |   0.0 |      13 |       0 |   0.0
     Lair:4 |    7080 |    2326 |  24.7 |      36 |      13 |  26.5
     Lair:5 |    2472 |       0 |   0.0 |       9 |       0 |   0.0
     Lair:6 |   17725 |    7384 |  29.4 |      53 |      17 |  24.3
   Shoals:1 |    5923 |    1172 |  16.5 |      11 |       1 |   8.3
   Shoals:2 |   25093 |     480 |   1.9 |      44 |       1 |   2.2
   Shoals:3 |   11234 |       0 |   0.0 |      25 |       0 |   0.0
   Shoals:4 |    8406 |   23441 |  73.6 |      17 |      36 |  67.9
   Spider:1 |   17996 |    2052 |  10.2 |      49 |       1 |   2.0
   Spider:2 |    9564 |    4789 |  33.4 |      24 |       8 |  25.0
   Spider:3 |   11415 |    2703 |  19.1 |      33 |      26 |  44.1
   Spider:4 |   16311 |   31453 |  65.9 |      45 |      66 |  59.5
      Orc:1 |   10964 |    1781 |  14.0 |      59 |       5 |   7.8
      Orc:2 |    5745 |    8056 |  58.4 |      47 |      25 |  34.7
   Vaults:1 |   26249 |   24174 |  47.9 |      41 |      37 |  47.4
   Vaults:2 |   18723 |   23419 |  55.6 |      32 |      34 |  51.5
   Vaults:3 |   28497 |   20915 |  42.3 |      41 |      31 |  43.1
   Gauntlet |       0 |    9329 | 100.0 |       0 |      17 | 100.0
            +---------+---------+-------+---------+---------+-------
